[Event "Early-Titled-Tuesday-Blitz-September-12-2023"]
[Site "Chess.com"]
[Date "2023.09.12"]
[Round "4"]
[White "Doomfist26"]
[Black "wild3000"]
[Result "0-1"]
[WhiteElo "2618"]
[BlackElo "2431"]
[TimeControl "180+1"]
[EndTime "8:39:25 PDT"]
[Termination "wild3000 won by checkmate"]

1. e4 a6 2. d4 e6 3. Nf3 b5 4. Bd3 Bb7 5. c4 bxc4 6. Bxc4 Bxe4 7. Nc3 Bxf3 8. Qxf3 d5 9. O-O Nf6 10. Re1 Be7 11. Bd3 O-O 12. Bg5 Nbd7 13. Rac1 c5 14. dxc5 Nxc5 15. Bb1 Ncd7 16. Rcd1 Re8 17. Qh3 h6 18.
Bh4 Rb8 19. b3 Nf8 20. Re3 Rb4 21. Bg3 Qc8 22. Rf3 a5 23. Ne2 Ne4 24. Be5 Ng6 25.
Bb2 a4 26. a3 Rxb3 27. Rxb3 axb3 28. Qxb3 Qb8 29. Qa2 Bf6 30. Bxf6 Nxf6 31. Bxg6 fxg6 32. Qc2 Ne4 33. Nf4 Qxf4 34. f3 Qe3+ 35. Kf1 Nf6 36. Qxg6 Qxa3 37. Re1 Qa6+ 38. Kg1 Qa7+ 39. Kh1 Qf7 40.
Qd3 e5 41. Qb5 e4 42. fxe4 dxe4 43. h3 e3 44. Qd3 Qe6 45. Qg6 e2 46. Qd3 Qe5 47.
Qc4+ Kh7 48. Qd3+ g6 49. Qa6 Re7 50. Qd3 h5 51. Qd2 h4 52. Qd3 Nh5 53. Kg1 Ng3 54.
Qc4 Qe3+ 55. Kh2 Qe5 56. Qxh4+ Nh5+ 57. Kh1 Qg3 58. Qb4 Rf7 59. Qd2 Rf1+ 60. Rxf1 exf1=Q# 0-1

[Event "Early-Titled-Tuesday-Blitz-September-12-2023"]
[Site "Chess.com"]
[Date "2023.09.12"]
[Round "4"]
[White "brunoo2003"]
[Black "The_Machine04"]
[Result "1/2-1/2"]
[WhiteElo "2479"]
[BlackElo "2657"]
[TimeControl "180+1"]
[EndTime "8:39:26 PDT"]
[Termination "Game drawn by stalemate"]

1. d4 d6 2. e4 Nf6 3. Nc3 e5 4. Nge2 Nbd7 5. g3 c6 6. a4 Be7 7. Bg2 Qc7 8. O-O Nf8 9. h3 h6 10. f4 Ne6 11. Be3 O-O 12. Qd2 a5 13. Rad1 Rd8 14.
Qe1 b6 15. Qf2 Rb8 16. Rd2 Ba6 17. Rfd1 Nf8 18. fxe5 dxe5 19. d5 cxd5 20. exd5 Bd6 21. g4 N6d7 22. Ng3 Bc5 23. Nge4 Bxe3 24. Qxe3 Nc5 25. Nxc5 Qxc5 26. Qxc5 bxc5 27. b3 Ng6 28. Be4 Nf4 29. Kh2 c4 30. bxc4 Bxc4 31. Rb1 Rxb1 32.
Nxb1 Kf8 33. Na3 Rc8 34. d6 Be6 35. c4 Ke8 36. Bb7 Rc5 37. Ba6 Kd8 38. Bb5 e4 39. Kg3 e3 40. Rd1 g5 41. Kf3 e2 42. Re1 Re5 43. Nc2 Rc5 44. Nd4 Bxc4 45. Nc6+ Kc8 46.
d7+ Kxd7 47. Ne5+ Ke6 48. Nxc4 Kd5 49. Ne3+ Kd4 50. Nf5+ Kc3 51. Ng3 Kd2 52. Rxe2+ Nxe2 53. Nxe2 f5 54. gxf5 Rxf5+ 55. Kg4 Re5 56. Kh5 Re3 57. Kg4 Rxe2 58. Bxe2 Kxe2 59. Kh5 Kf3 60. Kxh6 g4 61.
hxg4 Kxg4 62. Kg6 Kf4 63. Kh5 Ke4 64. Kg4 Kd3 65. Kf3 Kc3 66. Ke2 Kb3 67. Kd1 Kxa4 68. Kc1 Ka3 69. Kb1 a4 70. Ka1 Kb3 71. Kb1 a3 72.
Ka1 a2 1/2-1/2

[Event "Early-Titled-Tuesday-Blitz-September-12-2023"]
[Site "Chess.com"]
[Date "2023.09.12"]
[Round "4"]
[White "Rickstereo"]
[Black "M_One1126"]
[Result "1-0"]
[WhiteElo "2497"]
[BlackElo "2563"]
[TimeControl "180+1"]
[EndTime "8:39:26 PDT"]
[Termination "Rickstereo won by checkmate"]

1. c4 Nf6 2. Nf3 c6 3. g3 d5 4. Bg2 Bg4 5. cxd5 cxd5 6. Ne5 Bf5 7. Qb3 Qc7 8. Nc3 e6 9. d3 Nc6 10. Nf3 Be7 11. O-O O-O 12. Bf4 Qb6 13. Qxb6 axb6 14.
Rfc1 h6 15. Nb5 Rfc8 16. Be3 Nd7 17. Nfd4 Bg6 18. f4 Nf6 19. h3 Ne8 20. a3 Na5 21.
Kf2 Nd6 22. Nxd6 Bxd6 23. Nb5 Bc5 24. d4 Be7 25. Nc7 Rab8 26. Rc3 Nc4 27. b3 Nxa3 28. Rac1 Kh7 29. g4 Be4 30. Bxe4+ dxe4 31. d5 Bb4 32. d6 Bxc3 33. Rxc3 Rd8 34. b4 Nb1 35. Rc1 Rxd6 36. Nb5 Rc6 37. Rxb1 Ra8 38. Rb2 Ra1 39. Nd4 Rc4 40.
Nc2 b5 41. Nxa1 f5 42. Nc2 g6 43. gxf5 gxf5 44. Nd4 e5 45. Nxb5 Kg6 46. fxe5 Kh5 47.
Nd6 Rc7 48. Kg3 Rg7+ 49. Kf4 Rg2 50. Nxf5 Rh2 51. Ng3+ Kh4 52. Nf5+ Kxh3 53. Kxe4 Rh1 54. Bf4 Ra1 55. e3 Rh1 56. Rf2 Kg4 57. Rg2+ Kh5 58. Ng7+ Kh4 59. Bxh6 Rb1 60. Bf4 Rxb4+ 61. Kf5 Kh3 62.
Rh2# 1-0

[Event "Early-Titled-Tuesday-Blitz-September-12-2023"]
[Site "Chess.com"]
[Date "2023.09.12"]
[Round "4"]
[White "ChessTankMan"]
[Black "HeinichessPY"]
[Result "1-0"]
[WhiteElo "2525"]
[BlackElo "2343"]
[TimeControl "180+1"]
[EndTime "8:39:27 PDT"]
[Termination "ChessTankMan won by checkmate"]

1. e4 c5 2. Nf3 Nc6 3. Bb5 g6 4. O-O Bg7 5. c3 Nf6 6. Re1 O-O 7. d4 cxd4 8. cxd4 d5 9. e5 Ne4 10. Bd3 Bg4 11. Be3 Qb6 12. Nc3 Qxb2 13. Nxd5 Nc3 14. Nxc3 Qxc3 15. Rc1 Bxf3 16. gxf3 Qa3 17. Be4 Rac8 18.
f4 Rfd8 19. d5 Nb4 20. Rxc8 Rxc8 21. d6 exd6 22. Qxd6 Nc2 23. Qxa3 Nxa3 24. Bxb7 Rc7 25. Be4 Bf8 26. Rd1 Be7 27. Rd3 Nc4 28. Rc3 Bb4 29. Rc2 Ba5 30. Bd4 a6 31. Bd5 Na3 32. Rb2 Rc8 33. Rb7 Nb5 34. Rxf7 Rc1+ 35. Kg2 Nxd4 36.
Rc7+ Kf8 37. Rxc1 Ne2 38. Rc8+ Ke7 39. Kf3 Nd4+ 40. Ke4 Nb5 41. Rh8 Nc3+ 42. Kd4 Nb5+ 43. Kc5 Bc3 44. Rxh7+ Kf8 45. Rf7+ Ke8 46. Rg7 g5 47.
fxg5 Bxe5 48. Rg8+ Ke7 49. h4 Bd6+ 50. Kc4 Kd7 51.
Rg7+ Kc8 52. Bc6 Bc7 53. Bxb5 axb5+ 54. Kxb5 Kb7 55. Rxc7+ Kxc7 56. h5 Kd7 57. h6 Ke7 58.
h7 Kf7 59. h8=Q Kg6 60. Qf6+ Kh7 61. Qh6+ Kg8 62. Qe6+ Kh7 63. Qf7+ Kh8 64. Qe7 Kg8 65. g6 Kh8 66. Qf8# 1-0

[Event "Early-Titled-Tuesday-Blitz-September-12-2023"]
[Site "Chess.com"]
[Date "2023.09.12"]
[Round "4"]
[White "Arimin1329"]
[Black "Tea99"]
[Result "1-0"]
[WhiteElo "2245"]
[BlackElo "2391"]
[TimeControl "180+1"]
[EndTime "8:39:28 PDT"]
[Termination "Arimin1329 won by resignation"]

1. d4 Nf6 2. b3 e6 3. Bb2 Be7 4. Nd2 O-O 5. e4 d5 6. e5 Nfd7 7. Bd3 f6 8. exf6 Nxf6 9. Ngf3 Kh8 10. O-O Bd7 11. Re1 Nc6 12. Ng5 Qc8 13. Nxh7 Nb4 14. Nxf8 Qxf8 15. Bg6 Nc6 16. Re3 Kg8 17. h3 Bd6 18.
Nf3 Be8 19. Bxe8 Rxe8 20. Ne5 Bxe5 21. dxe5 Ne4 22. Rf3 Qc5 23. Rc1 Ng5 24. Rc3 Qb6 25. Qg4 Ne4 26. Rf3 Ne7 27. c4 Rf8 28. Rxf8+ Kxf8 29. Qf3+ Kg8 30. Ba3 c5 31. Qe3 Nf5 32. Qe2 Qa6 33.
Qb2 Nd4 34. cxd5 Ne2+ 35. Kh2 Nxc1 36. Qxc1 exd5 37. Bxc5 Qc6 38. Be3 Qe6 39. Qc7 b6 40. f3 Nc5 41. Bxc5 bxc5 42. Qxc5 Qxe5+ 43. Kg1 Qe1+ 44.
Kh2 Qe5+ 45. Kh1 Qe1+ 46. Qg1 Qe5 47. Qxa7 d4 48. Qa8+ Kh7 49. Kg1 Qe3+ 50. Kh2 d3 51. Qc8 Qe5+ 52. Kg1 Qe1+ 53. Kh2 Qe5+ 54. g3 Qe2+ 55.
Kg1 d2 56. Qf5+ Kg8 57. Qc8+ Kf7 58. Qf5+ Ke7 59. Qc5+ Ke6 60. Qc6+ Ke7 61. Qc7+ Kf8 62.
Qc8+ Kf7 63. Qc4+ Kg6 64. Qxe2 Kh6 65. Qxd2+ g5 66. Qxg5+ Kxg5 67. Kg2 Kf5 68. a4 Ke5 69. b4 Kd4 70. a5 Kc4 71. a6 Kxb4 72. a7 1-0

[Event "Early-Titled-Tuesday-Blitz-September-12-2023"]
[Site "Chess.com"]
[Date "2023.09.12"]
[Round "4"]
[White "Pumpkin_in_moonlight"]
[Black "Shockerlover"]
[Result "1-0"]
[WhiteElo "2289"]
[BlackElo "1995"]
[TimeControl "180+1"]
[EndTime "8:39:28 PDT"]
[Termination "Pumpkin_in_moonlight won on time"]

1. e4 c5 2. Nf3 c4 3. Bxc4 e6 4.
O-O Nc6 5. d4 d5 6. exd5 exd5 7.
Re1+ Be6 8. Bb5 Be7 9. Bf4 h6 10.
Ne5 Qb6 11. Nc3 Nf6 12. Rb1 O-O 13. Nxc6 bxc6 14. Bd3 Kh8 15. Ne2 Nh7 16. c3 Qd8 17. Ng3 Bg5 18. Bxg5 Nxg5 19. Bc2 Qf6 20. Qd3 g6 21. h4 Ne4 22. Nxe4 dxe4 23. Qxe4 Bf5 24. Qe2 Bxc2 25. Qxc2 Qxh4 26. Re5 Qf6 27. Rbe1 Rad8 28. Qe4 Rb8 29. b3 Rb6 30. Re3 Ra6 31. Rf3 Qd8 32.
Rh3 Kg7 33. Qf4 h5 34. Rg5 Rh8 35. g4 hxg4 36. Rxh8 Qxh8 37. Qe5+ Kg8 38. Qe8+ Kg7 39. Qxh8+ Kxh8 40. a4 Rb6 41. b4 Ra6 42. a5 c5 43. dxc5 Kg7 44. Rxg4 Kf6 45. Rd4 Ke5 46. f4+ Kf5 47. Kf2 Re6 48. Kf3 f6 49. Rd5+ Re5 50.
fxe5 fxe5 51. Rd6 g5 52. Ke3 g4 53. c6 g3 54. c7 g2 55. c8=Q+ 1-0

[Event "Early-Titled-Tuesday-Blitz-September-12-2023"]
[Site "Chess.com"]
[Date "2023.09.12"]
[Round "4"]
[White "GianmarcoVaR"]
[Black "itsdsyr"]
[Result "1-0"]
[WhiteElo "2614"]
[BlackElo "2214"]
[TimeControl "180+1"]
[EndTime "8:39:29 PDT"]
[Termination "GianmarcoVaR won by resignation"]

1. g3 Nf6 2. b3 d5 3. Bg2 c5 4.
Bb2 Nc6 5. Nf3 Qc7 6. d4 Bf5 7. O-O e6 8. e3 Ke7 9. Qe2 Ke8 10. Qd1 Be7 11. Qe2 h5 12. h3 Rc8 13. Na3 a6 14. c4 Kf8 15. Rfd1 cxd4 16. exd4 Kg8 17. Rac1 Qa5 18. c5 Ne4 19. Bf1 Qc7 20. Nb1 Bg6 21.
a3 h4 22. g4 Qf4 23. Qe3 Qc7 24. b4 f5 25. Nc3 Rf8 26. Kh1 fxg4 27. hxg4 Qf4 28. Qxf4 Rxf4 29. Nh2 Nxf2+ 30. Kg1 Nxd1 31. Nxd1 Nxd4 32. Ne3 Nf3+ 33. Nxf3 Rxf3 34. Re1 h3 35. Be5 Be4 36. Bh2 Bh4 37. Re2 Bg5 38. Nd1 Bd3 39.
Rf2 Rxf2 40. Nxf2 Bxf1 41. Kxf1 Kf7 42. Ke2 Ke7 43. Nd3 Bf6 44. Nf4 Kd7 45. Ng6 Re8 46. Kf3 d4 47. Ke4 Kc6 48. Nf4 Kb5 49. Nh5 Kc4 50. Bd6 d3 51. Bf4 Kc3 52. Ng3 Kc2 53. Nf1 Bc3 54. Ne3+ Kb1 55. Kxd3 Bb2 56. Nc4 Bxa3 57.
Nxa3+ Ka2 58. Nc4 Rd8+ 59. Nd6 Kb3 60. Ke4 Kxb4 61. Ke5 Kxc5 62. Nxb7+ Kc6 63. Nxd8+ Kb5 64. Nxe6 a5 65. Ng5 a4 66. Nxh3 a3 67. Bc1 a2 68.
Bb2 Ka4 69. Kf5 Kb3 70. Bxg7 Kc2 71. g5 Kb1 72. g6 1-0

[Event "Early-Titled-Tuesday-Blitz-September-12-2023"]
[Site "Chess.com"]
[Date "2023.09.12"]
[Round "4"]
[White "Lion-Al-Messi"]
[Black "Murad_Ibrahimli"]
[Result "1-0"]
[WhiteElo "2590"]
[BlackElo "2897"]
[TimeControl "180+1"]
[EndTime "8:39:30 PDT"]
[Termination "Lion-Al-Messi won on time"]

1. e4 e5 2. Nf3 Nc6 3. Bb5 a6 4. Ba4 Nf6 5. O-O Be7 6. d3 b5 7. Bb3 d6 8. a3 O-O 9. Nc3 Rb8 10. Be3 Bg4 11. h3 Bh5 12. Nd5 Na5 13. Ba2 Nd7 14. g4 Bg6 15. Nb4 Qc8 16. Qd2 c6 17.
h4 Nc5 18. Nh2 Bxh4 19. g5 Qh3 20. Bxc5 dxc5 21. Nxa6 Ra8 22. Nxc5 Ra7 23. Rae1 Nb7 24. Nxb7 Rxb7 25. Kh1 Kh8 26. Rg1 f6 27. Re3 Qd7 28. Nf3 fxg5 29. Nxe5 Qd6 30. Nxg6+ Qxg6 31. Rg2 Qh5 32.
Kg1 Rd7 33. Be6 Rd6 34. Bg4 Qf7 35. e5 Rd4 36. e6 Qe7 37. Re4 Rd6 38. Qe2 g6 39.
Bh3 Kg7 40. b3 Rd5 41. c4 bxc4 42. bxc4 Ra5 43. Qb2+ Kh6 44. Rd4 Qxa3 45. Qxa3 Rxa3 46. Kh2 Ra2 47. Re4 Re8 48. e7 Ra7 49. Be6 Raxe7 50. Bg4 Rxe4 51. dxe4 Rxe4 52. Bf3 Rxc4 53. Be2 Rc3 54.
f3 Kg7 55. Kh3 h5 56. Kh2 Kh6 57. Kh1 Rc1+ 58. Kh2 Be1 59. Bd3 Bc3 60. Re2 Rd1 61. Be4 1-0

[Event "Early-Titled-Tuesday-Blitz-September-12-2023"]
[Site "Chess.com"]
[Date "2023.09.12"]
[Round "4"]
[White "Rud_Makarian"]
[Black "GMAkobianSTL"]
[Result "1-0"]
[WhiteElo "2964"]
[BlackElo "2730"]
[TimeControl "180+1"]
[EndTime "8:39:30 PDT"]
[Termination "Rud_Makarian won on time"]

1. d4 e6 2. c4 Nf6 3. Nf3 d5 4. g3 Bb4+ 5. Bd2 Be7 6. Bg2 Nbd7 7. Qc2 O-O 8. O-O Ne4 9. Nc3 Nxd2 10. Nxd2 c6 11.
a3 dxc4 12. Nxc4 Nb6 13. Qd3 Nxc4 14. Qxc4 Bd7 15. Rfd1 Rc8 16. Rac1 Qc7 17. b4 Rfd8 18.
e3 a5 19. Qb3 axb4 20. axb4 Be8 21. b5 cxb5 22. Nd5 Qd6 23. Nxe7+ Qxe7 24. Bf1 Rxc1 25.
Rxc1 b4 26. Rb1 e5 27. dxe5 Qxe5 28. Qxb4 Bc6 29. Bg2 Bxg2 30. Kxg2 Rd7 31. Qc4 Qe8 32.
Rb6 g6 33. h4 Qd8 34. Qb4 h5 35. Qe4 Qxb6 36. Qe8+ Kg7 37. Qxd7 Qc6+ 38. Qxc6 bxc6 39. Kf3 Kf6 40. Ke4 Ke6 41. Kd4 Kd6 42. Kc4 c5 43. e4 f5 44. Kd3 Ke5 45. f4+ Ke6 46. e5 Kd5 47. Kc3 c4 48. Kc2 Kc5 49. Kd2 Kd5 50.
Kc3 Kc5 51. Kb2 Kd5 52. Ka3 Kc5 53. Ka2 Kd5 54. Kb2 Kc5 55. Ka3 Kd5 56. Kb4 Kd4 57.
e6 c3 58. e7 c2 59. e8=Q c1=Q 60. Qxg6 Qb2+ 61. Ka5 1-0

[Event "Early-Titled-Tuesday-Blitz-September-12-2023"]
[Site "Chess.com"]
[Date "2023.09.12"]
[Round "4"]
[White "Hooded_Old_Man"]
[Black "falzehope0"]
[Result "0-1"]
[WhiteElo "2233"]
[BlackElo "2439"]
[TimeControl "180+1"]
[EndTime "8:39:30 PDT"]
[Termination "falzehope0 won by resignation"]

1. Nf3 d6 2. g3 Nf6 3. Bg2 Nbd7 4. O-O e5 5. d3 Be7 6. e4 O-O 7.
Nc3 Re8 8. h3 c6 9. a4 Qc7 10.
d4 Nf8 11. Be3 Ng6 12. Qd3 Bd7 13. a5 Qc8 14. Kh2 h6 15. Ng1 Nh7 16. Nge2 Ng5 17.
h4 Nh7 18. h5 Ngf8 19. f4 Bg4 20. f5 Bxh5 21. Bh3 Bf6 22. g4 Bxg4 23. Bxg4 Ng5 24. d5 Nd7 25. dxc6 bxc6 26. Qxd6 Rd8 27.
Rad1 Qa6 28. Qa3 Rab8 29. Ng3 Qb7 30. b3 Nf8 31. Nh5 Be7 32. Bc5 Bxc5 33. Qxc5 Qc7 34. f6 g6 35. Ng3 h5 36. Bxh5 gxh5 37. Nxh5 Ng6 38. Rg1 Nf3+ 39. Kh1 Nxg1 40. Rxg1 Qd6 41. Qe3 Qd2 42. Qf3 Qh6 43. Ne2 Rd2 44. Ng3 Kf8 45. Nf5 Qh7 46. Rg5 Nf4 47. Kg1 Rbd8 48. Ne7 Rxc2 49. Rg8+ Qxg8+ 50. Nxg8 Rdd2 51. Nxf4 Rc1+ 52. Qf1 Rxf1+ 53. Kxf1 exf4 54. Ne7 Rd6 55. Nf5 Rxf6 56. Nd4 Rd6 57. Nf5 Rd3 58. Ke2 Rxb3 59. e5 f3+ 60.
Kf2 Ke8 61. Nd6+ Kd7 62. Ne4 Kc7 63. Ng5 Ra3 64. Nxf7 Kd7 65. Ng5 Ke7 66. Ne4 Rxa5 67. e6 Re5 68. Nc3 Rf5 0-1

[Event "Early-Titled-Tuesday-Blitz-September-12-2023"]
[Site "Chess.com"]
[Date "2023.09.12"]
[Round "4"]
[White "dzilleruelo"]
[Black "zverr1"]
[Result "1-0"]
[WhiteElo "2320"]
[BlackElo "2482"]
[TimeControl "180+1"]
[EndTime "8:39:32 PDT"]
[Termination "dzilleruelo won by resignation"]

1. e4 c5 2. Nf3 Nc6 3. Bb5 e5 4. O-O Bd6 5. c3 a6 6. Bxc6 dxc6 7. d4 exd4 8. cxd4 cxd4 9. Qxd4 f6 10. e5 Bxe5 11.
Qxd8+ Kxd8 12. Nxe5 fxe5 13. Re1 Ke7 14. Rxe5+ Kf7 15. Nc3 Nf6 16. Bg5 Bd7 17. Rd1 Rad8 18. Ne4 Be6 19. Nd6+ Ke7 20. Nf5+ Kf7 21. Nd6+ Kg6 22.
Rxe6 Rd7 23. Bxf6 gxf6 24. Re2 Rhd8 25. Red2 c5 26. Ne4 Rxd2 27. Rxd2 Re8 28. f3 b6 29.
g4 c4 30. Rd6 b5 31. Rxf6+ Kg7 32. Rxa6 Rd8 33. Rd6 Ra8 34. a3 b4 35. axb4 Rb8 36.
Kg2 Rxb4 37. Rd2 h5 38. Kg3 Rb3 39. g5 Kg6 40. h4 Kf5 41. Rd5+ Kg6 42. Rc5 Rxb2 43.
Rxc4 Kf5 44. Rc5+ Kg6 45. Rc6+ Kf5 46. Rh6 Rb1 47. Rxh5 Rg1+ 48. Kf2 Ra1 49. Rh6 Kf4 50. Rf6+ Ke5 51. h5 Rh1 52. h6 Rh5 53. Kg3 Rh1 54.
Kg4 Rh2 55. Rf7 Ke6 56. g6 Rxh6 57. Kg5 Rh1 58. Rf6+ Ke7 59. Rf7+ Ke6 60. Nc5+ Ke5 61. Nd7+ Ke6 62. Nf8+ Ke5 63. f4+ Ke4 64. f5 Ke5 65. g7 Rg1+ 66. Kh6 Rh1+ 67. Kg6 Rg1+ 68. Kh7 Rh1+ 69.
Kg8 Kf4 70. Ne6+ Ke5 71. Rf8 Rg1 72. Nd8 Kd6 73. Nf7+ Ke7 74. Nh6 Rh1 75. Kh7 Rg1 76. g8=Q Rxg8 77. Rxg8 Kf6 78. Rf8+ Kg5 79. Kg7 Kf4 80.
f6 Ke5 81. f7 Kf4 82. Re8 Kg5 83. f8=Q Kh5 84. Qf5+ 1-0

[Event "Early-Titled-Tuesday-Blitz-September-12-2023"]
[Site "Chess.com"]
[Date "2023.09.12"]
[Round "4"]
[White "nss13"]
[Black "AniJak"]
[Result "0-1"]
[WhiteElo "2546"]
[BlackElo "2400"]
[TimeControl "180+1"]
[EndTime "8:39:33 PDT"]
[Termination "AniJak won on time"]

1. e4 c6 2. d4 d5 3. Nc3 dxe4 4. Nxe4 Nf6 5. Nxf6+ exf6 6. c3 Bd6 7. Bd3 O-O 8.
Ne2 Re8 9. O-O Nd7 10. Bf4 Nf8 11. Bxd6 Qxd6 12. Qd2 h5 13. Rfe1 h4 14. h3 Bd7 15. Qf4 Qxf4 16. Nxf4 Ne6 17. Ne2 g5 18. Rad1 Re7 19. Bc4 Rae8 20. Kf1 b5 21. Bb3 Nc7 22. Nc1 Be6 23. Nd3 a5 24. Nc5 a4 25. Bxe6 Nxe6 26.
Ne4 Kg7 27. Nd6 Kg6 28. Nxe8 Rxe8 29. d5 cxd5 30. Rxd5 Rb8 31. Re4 a3 32. bxa3 Ra8 33. a4 bxa4 34. a3 Rc8 35. c4 f5 36. Re1 Rxc4 37.
Ra5 Nf4 38. Rb1 g4 39. hxg4 fxg4 40. g3 hxg3 41. fxg3 Nh5 42. Rb4 Rc1+ 43. Kf2 f5 44.
Raxa4 Rc2+ 45. Ke1 Nxg3 46. Ra8 Ne4 47. a4 Kg5 48. a5 Ra2 49. a6 Kf4 50. a7 g3 51. Rb7 Ra1+ 52. Ke2 Ra2+ 53. Kd1 g2 54. Rg8 Nf2+ 55. Kc1 Ng4 56. Rb4+ Kg3 57. Rb3+ Kf2 58. Rb2+ Rxb2 59. Kxb2 g1=Q 60. a8=Q Qh2 61. Qa7+ Kf3+ 62. Kb3 Qe2 63. Qb7+ Kg3 64. Rc8 Qe6+ 65. Kb4 f4 66. Rc3+ Ne3 67. Qc6 Qe7+ 68. Kb3 Qf7+ 0-1

[Event "Early-Titled-Tuesday-Blitz-September-12-2023"]
[Site "Chess.com"]
[Date "2023.09.12"]
[Round "4"]
[White "ural58"]
[Black "Leonid_Starozhilov"]
[Result "0-1"]
[WhiteElo "2560"]
[BlackElo "2787"]
[TimeControl "180+1"]
[EndTime "8:39:34 PDT"]
[Termination "Leonid_Starozhilov won by resignation"]

1. e4 c5 2. Nf3 e6 3. b3 Nc6 4. Bb2 a6 5. c4 d6 6. d4 cxd4 7. Nxd4 Nf6 8. Nxc6 bxc6 9. e5 Ne4 10.
exd6 Qa5+ 11. Nd2 Bxd6 12. Bd3 Nxd2 13. Ke2 Bf4 14. g3 Qh5+ 15. Ke1 Nf3+ 16. Kf1 Qh3+ 17. Ke2 Be5 18. Be4 O-O 19. Bxc6 Bxb2 20. Bxa8 Nd4+ 21. Kd2 Bxa1 22. Qxa1 e5 23. Qe1 Bg4 24. Qxe5 Bf3 25. Qxd4 Bxa8 26. Re1 Qxh2 27. Kc3 Qh6 28. Kb4 Qc6 29. Ka3 h6 30. f4 Rc8 31. Re3 Qc7 32. Rc3 Rd8 33. Qe5 Qc6 34. b4 Re8 35. Qd4 Bb7 36.
Kb3 Bc8 37. a4 Be6 38. Ka3 Rc8 39. c5 Qc7 40. Qe5 Qd7 41. f5 Bxf5 42. c6 Qe6 43. Qxe6 Bxe6 44. b5 axb5 45. axb5 Bd5 46. Kb4 f5 47.
Kc5 Be4 48. Kd6 g5 49. b6 f4 50. b7 Rf8 51. gxf4 gxf4 52. Rc4 f3 53. Rxe4 f2 54. Rg4+ Kh7 55. Rf4 Rxf4 56. b8=Q f1=Q 57. c7 Rf6+ 58. Kd7 Rf7+ 59. Ke8 Rf8+ 60. Kd7 Qf5+ 61. Kc6 Qc2+ 62. Kd7 Qd3+ 63. Kc6 Qc4+ 64. Kd7 Rf7+ 65. Kd6 Qd4+ 66. Ke6 Qd7+ 0-1

[Event "Early-Titled-Tuesday-Blitz-September-12-2023"]
[Site "Chess.com"]
[Date "2023.09.12"]
[Round "4"]
[White "Artem_Sadovsky"]
[Black "esrosenberg"]
[Result "1-0"]
[WhiteElo "2538"]
[BlackElo "2364"]
[TimeControl "180+1"]
[EndTime "8:39:36 PDT"]
[Termination "Artem_Sadovsky won on time"]

1. Nf3 d5 2. e3 c5 3. c4 d4 4.
b4 f6 5. bxc5 e5 6. exd4 exd4 7.
d3 Bxc5 8. Be2 Ne7 9. O-O O-O 10. Nbd2 Nbc6 11. Nb3 b6 12. Nxc5 bxc5 13. Qa4 Qd6 14. Nd2 f5 15. Ba3 Bd7 16. Nb3 Nb4 17. Qa5 Rfc8 18.
Nxc5 Nec6 19. Nb7 Qe7 20. Bxb4 Nxb4 21. Bf3 Rab8 22. Qxa7 Nxd3 23. Qxd4 Ne5 24. Bd5+ Kh8 25.
Rfe1 Bc6 26. Rxe5 Qxb7 27. Rae1 Bxd5 28. cxd5 Rg8 29. Re7 Qb2 30. Qxb2 Rxb2 31. a4 Ra2 32. d6 Rxa4 33. Re8 Rd4 34. R8e6 g6 35. g3 Rd8 36. Re8+ Rxe8 37. Rxe8+ Kg7 38. Rd8 Kf7 39. Rd7+ Ke6 40.
Rxh7 Rxd6 41. h4 Kf6 42. Kg2 Rd2 43. Kf3 Rd3+ 44. Ke2 Ra3 45. Kf1 Ke6 46. Rh6 Kf7 47. h5 gxh5 48. Kg2 Kg7 49. Rxh5 Kg6 50. Rh8 Kg5 51.
Rg8+ Kf6 52. Kh3 Ra2 53. f4 Ra3 54. Rb8 Kg6 55. Rb6+ Kg7 56. Kh4 Kf7 57. Rb7+ Kf6 58. Rb8 Kg6 59. Rg8+ Kf6 60. Kh5 Rb3 61. Rg6+ Kf7 62.
Kh6 Rc3 63. Rg7+ Kf6 64. Kh7 Rd3 65. Kg8 Re3 66. Rf7+ Kg6 67. Rg7+ Kf6 68. Kf8 Ra3 69. Rf7+ Kg6 70. Kg8 Ra8+ 71. Rf8 Ra3 72. Kh8 Rxg3 73. Rg8+ 1-0

[Event "Early-Titled-Tuesday-Blitz-September-12-2023"]
[Site "Chess.com"]
[Date "2023.09.12"]
[Round "4"]
[White "AlexanderL"]
[Black "Polish_fighter3000"]
[Result "0-1"]
[WhiteElo "2852"]
[BlackElo "3069"]
[TimeControl "180+1"]
[EndTime "8:39:38 PDT"]
[Termination "Polish_fighter3000 won by resignation"]

1. Nf3 g6 2. e4 Bg7 3. d4 d6 4. Be2 b6 5. O-O Bb7 6. Nc3 Nd7 7. Re1 e5 8. Bg5 Ngf6 9. dxe5 dxe5 10. Bb5 h6 11. Bh4 c6 12. Bf1 O-O 13. a4 a6 14. Nd2 b5 15. f3 Qc7 16. Bf2 Rfd8 17. Nb3 Nc5 18. Qc1 Nxb3 19. cxb3 Qe7 20. Rd1 Kh7 21. Qe3 Nd7 22. axb5 axb5 23. Ra7 Rab8 24. g3 Qe6 25. b4 Bf8 26. Na2 Re8 27. Qd2 Nf6 28. Nc1 Bc8 29. Qc3 Rb7 30. Ra6 Rd7 31.
Rxd7 Bxa6 32. Ra7 Bc8 33. Nd3 Kg8 34. Nc5 Qd6 35. Be2 Re7 36. Ra8 Re8 37. Nd3 Nd7 38.
Be3 Qe6 39. Nf2 h5 40. Bd1 Bb7 41. Ra7 Rb8 42. Bb3 Qd6 43. Nd3 h4 44. gxh4 Kg7 45. f4 f6 46. fxe5 fxe5 47. Bf4 Kh7 48. Nxe5 Bg7 49. Nd3 Qd4+ 50. Qxd4 Bxd4+ 51. Kg2 Bxa7 52. Bxb8 Bxb8 53. Be6 Nf8 54. Bg4 Bd6 55. Nc5 Ba8 56. Kf3 Kg7 57. Ke3 Bxh2 58. Kd4 Bg1+ 59. Ke5 Bh2+ 60.
Kd4 Kf6 61. h5 Be5+ 62. Kd3 Bxb2 63. hxg6 Nxg6 64. Bf5 Ne5+ 65. Kc2 Bd4 66. Nb3 Bb6 67. Kc3 Bb7 68. Nc5 Bxc5 69. bxc5 Ke7 70. Kd4 Nf3+ 71. Ke3 Ng5 72. Kf4 Ne6+ 73. Bxe6 Kxe6 0-1

[Event "Early-Titled-Tuesday-Blitz-September-12-2023"]
[Site "Chess.com"]
[Date "2023.09.12"]
[Round "4"]
[White "Rakhmanov_Aleksandr"]
[Black "Oleksandr_Bortnyk"]
[Result "1-0"]
[WhiteElo "2793"]
[BlackElo "3007"]
[TimeControl "180+1"]
[EndTime "8:39:38 PDT"]
[Termination "Rakhmanov_Aleksandr won on time"]

1. d4 d6 2. g3 g6 3. Bg2 Bg7 4. Nf3 Nf6 5. O-O O-O 6. Re1 Bf5 7. Nbd2 Qc8 8. e4 Bh3 9. e5 dxe5 10. dxe5 Nd5 11.
Qe2 Bxg2 12. Kxg2 Nc6 13. c3 Qf5 14. Nb3 Rad8 15. h4 h5 16. Nbd4 Nxd4 17. Nxd4 Qc8 18. Bg5 c5 19. Nc2 Qe6 20. a4 Rd7 21. Na3 Rfd8 22.
Qe4 b6 23. Nc4 a6 24. Re2 b5 25. axb5 axb5 26. Nd2 b4 27. c4 Nc7 28. Nf3 Qb6 29. Rd2 Ne6 30. Rxd7 Rxd7 31. Ra8+ Bf8 32. Bh6 Rd8 33.
Be3 Qc7 34. b3 Bg7 35. Ra6 Qd7 36. Ra8 Bf8 37. Rxd8 Qxd8 38. Qd5 Qxd5 39. cxd5 Nc7 40.
Bxc5 Nxd5 41. e6 Bg7 42. exf7+ Kxf7 43. Ng5+ Ke8 44. Ne6 Bc3 45. Kf3 Kd7 46. Nf4 Kc6 47. Nxd5 Kxd5 48. Bxe7 Kd4 49. Ke2 Ke4 50. Bc5 Kd5 51.
Be3 Ke4 52. f3+ Kd5 53. g4 Bf6 54. Bf2 Bd8 55. Kd3 Be7 56. Bg3 Bd8 57. Bf2 Be7 58. Be1 Bd6 59. Ke3 Bc5+ 60. Kf4 Be7 61. Bf2 Ke6 62. gxh5 gxh5 63. Ke4 Bd8 64. f4 Be7 65.
f5+ Kf7 66. Be1 Bf8 67. Ke5 Bg7+ 68. Kf4 1-0

[Event "Early-Titled-Tuesday-Blitz-September-12-2023"]
[Site "Chess.com"]
[Date "2023.09.12"]
[Round "4"]
[White "Jackalhead_Anubis"]
[Black "RebecaJimnz"]
[Result "1/2-1/2"]
[WhiteElo "2385"]
[BlackElo "2209"]
[TimeControl "180+1"]
[EndTime "8:39:42 PDT"]
[Termination "Game drawn - insufficient material"]

1. e4 c5 2. Nf3 Nc6 3. Bb5 g6 4.
O-O Bg7 5. c3 Nf6 6. Re1 O-O 7.
d4 cxd4 8. cxd4 d5 9. e5 Ne4 10.
Nc3 Nxc3 11. bxc3 Bg4 12. h3 Bxf3 13. Qxf3 e6 14. a4 Rc8 15. Ba3 Re8 16. Bc5 b6 17.
Bd6 Qd7 18. c4 dxc4 19. Rac1 a6 20. Bxa6 Nxd4 21. Qe4 Ra8 22. Bxc4 Rxa4 23. Qxd4 b5 24. Bxe6 Qxe6 25. Qc5 Rc4 26. Qxb5 Rxc1 27. Rxc1 Bxe5 28. Bxe5 Qxe5 29. Qxe5 Rxe5 30. f3 Kg7 31. Kf2 Ra5 32. g4 h5 33. Kg3 hxg4 34. hxg4 g5 35. Rc6 f6 36. Kf2 Ra3 37. Rd6 Kg6 38. Ke2 Rb3 39. Re6 Ra3 40. Kf2 Rb3 41. Re8 Ra3 42. Rg8+ Kf7 43.
Rd8 Rb3 44. Ke2 Kg6 45. Rg8+ Kf7 46. Rd8 Ra3 47. Rd3 Ra2+ 48. Ke3 Ra4 49. Rd4 Ra3+ 50.
Ke4 Kg6 51. Rd3 Ra4+ 52. Kd5 Rf4 53. Ke6 f5 54. gxf5+ Rxf5 55. Re3 Rf6+ 56. Ke7 Rf7+ 57. Kd6 Kf5 58. Re4 Ra7 59. Rb4 Ra3 60. Rb5+ Kf4 61.
Ke6 Rxf3 62. Kf6 g4 63. Rb4+ Kg3+ 64. Kg5 Ra3 65. Rxg4+ Kf3 66. Kh4 Re3 67. Rg3+ Ke2 68. Rxe3+ Kxe3 1/2-1/2